TOP OF THE 1ST |
Indian Hills Voodoo batting - Pitching for Quincy Doughboys : RHP Leonardo De La Garza
|
Pitching: RHP Leonardo De La Garza
|
|
Batting: SHB Alberto García
|
0-0: Ground out 4-3 (Groundball, 34)
|
Batting: RHB Bob McDonald
|
0-0: Ball 1-0: SINGLE (Line Drive, 5D)
|
Batting: RHB Arturo Camacho
|
0-0: Grounds into double play, 1-6-3 (Groundball, 15)
|
Top of the 1st over - 0 run(s), 1 hit(s), 0 error(s), 0 left on base; Indian Hills 0 - Quincy 0 |
BOTTOM OF THE 1ST |
Quincy Doughboys batting - Pitching for Indian Hills Voodoo : RHP Enrique Boyd
|
Pitching: RHP Enrique Boyd
|
|
Batting: LHB Marv Gardner
|
0-0: Called Strike 0-1: Ball 1-1: Called Strike 1-2: SINGLE (Groundball, 34D)
|
Batting: RHB Marlon Hernández
|
0-0: Called Strike 0-1: Foul Ball, location: 2F 0-2: Ball 1-2: Strikes out swinging
|
Batting: RHB Javier Martínez
|
0-0: Ball 1-0: Ball 2-0: Called Strike 2-1: Swinging Strike 2-2: Ground out 5-3 (Groundball, 5S) Marv Gardner to second
|
Batting: LHB Mario Álvarez
|
0-0: Swinging Strike 0-1: Called Strike 0-2: DOUBLE (Line Drive, 8RS) Marv Gardner scores
|
Batting: RHB Jorge Chávez
|
0-0: Ball 1-0: Foul Ball, location: 2F 1-1: Foul Ball, location: 2F 1-2: Foul Ball, location: 2F 1-2: Foul Ball, location: 2F 1-2: Foul Ball, location: 2F 1-2: Fly out, F9 (Flyball, 9LMF)
|
Bottom of the 1st over - 1 run(s), 2 hit(s), 0 error(s), 1 left on base; Indian Hills 0 - Quincy 1 |
TOP OF THE 2ND |
Indian Hills Voodoo batting - Pitching for Quincy Doughboys : RHP Leonardo De La Garza
|
Batting: SHB Sean Moody
|
0-0: Foul Ball, location: 2F 0-1: Ball 1-1: Foul Ball, location: 2F 1-2: Foul Ball, location: 2F 1-2: Ball 2-2: Ball 3-2: Foul Ball, location: 2F 3-2: Foul Ball, location: 2F 3-2: Foul Ball, location: 2F 3-2: Fly out, F7 (Flyball, 78M)
|
Batting: RHB Glen MacDonald
|
0-0: Foul Ball, location: 2F 0-1: Ball 1-1: Called Strike 1-2: Foul Ball, location: 2F 1-2: Strikes out swinging
|
Batting: SHB Kenneth Cruz
|
0-0: Fly out, F9 (Line Drive, 9M)
|
Top of the 2nd over - 0 run(s), 0 hit(s), 0 error(s), 0 left on base; Indian Hills 0 - Quincy 1 |
BOTTOM OF THE 2ND |
Quincy Doughboys batting - Pitching for Indian Hills Voodoo : RHP Enrique Boyd
|
Batting: RHB Clifton Sturt
|
0-0: Called Strike 0-1: Ball 1-1: Ball 2-1: Ball 3-1: Base on Balls
|
Batting: RHB Júlio Contreras
|
0-0: Ball 1-0: Ball 2-0: Ball 3-0: Called Strike 3-1: Foul Ball, location: 2F 3-2: SINGLE (Line Drive, 6MD) Clifton Sturt to second
|
Batting: RHB Orlando Márquez
|
0-0: Ball 1-0: Swinging Strike 1-1: SINGLE (Line Drive, 9S) Clifton Sturt to third Júlio Contreras to second Runner from 3rd tries for Home, SAFE, no throw or cutoff
|
Batting: RHB Joel García
|
0-0: Fly out, F7 (Flyball, 78D)
|
Batting: LHB Marv Gardner
|
0-0: Called Strike 0-1: DOUBLE (Line Drive, 8RD) Júlio Contreras scores Orlando Márquez to third Runner from 3rd tries for Home, SAFE, throw made home
|
Batting: RHB Marlon Hernández
|
0-0: Ground out 5-3 (Groundball, 5)
|
Batting: RHB Javier Martínez
|
0-0: SINGLE (Line Drive, 4MD) Marv Gardner to third
|
Batting: LHB Mario Álvarez
|
0-0: Hit by Pitch Javier Martínez to second
|
Batting: RHB Jorge Chávez
|
0-0: Fly out, F9 (Flyball, 9S)
|
Bottom of the 2nd over - 3 run(s), 4 hit(s), 0 error(s), 3 left on base; Indian Hills 0 - Quincy 4 |
TOP OF THE 3RD |
Indian Hills Voodoo batting - Pitching for Quincy Doughboys : RHP Leonardo De La Garza
|
Batting: RHB Bobby Hulsey
|
0-0: Ball 1-0: Called Strike 1-1: Ground out 5-3 (Groundball, 5)
|
Batting: RHB Mike Cleveland
|
0-0: Ball 1-0: Ball 2-0: SINGLE (Line Drive, 4MD)
|
Batting: RHB Lawrence Davidson
|
0-0: Ball 1-0: Ball 2-0: Foul Ball, location: 2F 2-1: Called Strike 2-2: Foul Ball, location: 2F 2-2: Ball 3-2: Base on Balls Mike Cleveland to second
|
Batting: SHB Alberto García
|
0-0: Called Strike 0-1: Ball 1-1: Ball 2-1: Swinging Strike 2-2: Strikes out swinging
|
Batting: RHB Bob McDonald
|
0-0: Ball 1-0: Ground out 5-3 (Groundball, 5S)
|
Top of the 3rd over - 0 run(s), 1 hit(s), 0 error(s), 2 left on base; Indian Hills 0 - Quincy 4 |
BOTTOM OF THE 3RD |
Quincy Doughboys batting - Pitching for Indian Hills Voodoo : RHP Enrique Boyd
|
Batting: RHB Clifton Sturt
|
0-0: Foul Ball, location: 2F 0-1: Foul Ball, location: 2F 0-2: Ball 1-2: Foul Ball, location: 2F 1-2: Ball 2-2: Strikes out looking
|
Batting: RHB Júlio Contreras
|
0-0: Ball 1-0: Swinging Strike 1-1: Called Strike 1-2: Strikes out swinging
|
Batting: RHB Orlando Márquez
|
0-0: Foul Ball, location: 2F 0-1: Swinging Strike 0-2: Ball 1-2: Strikes out swinging
|
Bottom of the 3rd over - 0 run(s), 0 hit(s), 0 error(s), 0 left on base; Indian Hills 0 - Quincy 4 |
TOP OF THE 4TH |
Indian Hills Voodoo batting - Pitching for Quincy Doughboys : RHP Leonardo De La Garza
|
Batting: RHB Arturo Camacho
|
0-0: Ball 1-0: Ball 2-0: Ball 3-0: Called Strike 3-1: Called Strike 3-2: SINGLE (Groundball, 4)
|
Batting: SHB Sean Moody
|
0-0: Called Strike 0-1: Ball 1-1: Ball 2-1: Ball 3-1: Fly out, F7 (Flyball, 7S)
|
Batting: RHB Glen MacDonald
|
0-0: Called Strike 0-1: Called Strike 0-2: Strikes out swinging
|
Batting: SHB Kenneth Cruz
|
0-0: Ground out 1-3 (Groundball, 15)
|
Top of the 4th over - 0 run(s), 1 hit(s), 0 error(s), 1 left on base; Indian Hills 0 - Quincy 4 |
BOTTOM OF THE 4TH |
Quincy Doughboys batting - Pitching for Indian Hills Voodoo : RHP Enrique Boyd
|
Batting: RHB Joel García
|
0-0: Called Strike 0-1: Foul Ball, location: 2F 0-2: Ball 1-2: Strikes out looking
|
Batting: LHB Marv Gardner
|
0-0: SOLO HOME RUN (Flyball, 89XD), Distance : 431 ft
|
Batting: RHB Marlon Hernández
|
0-0: Ball 1-0: Fly out, F3 (Popup, 23F)
|
Batting: RHB Javier Martínez
|
0-0: Called Strike 0-1: Ball 1-1: Foul Ball, location: 2F 1-2: Ball 2-2: Foul Ball, location: 2F 2-2: SINGLE (Groundball, 5L)
|
Batting: LHB Mario Álvarez
|
0-0: Ball 1-0: Fly out, F8 (Flyball, 8LM)
|
Bottom of the 4th over - 1 run(s), 2 hit(s), 0 error(s), 1 left on base; Indian Hills 0 - Quincy 5 |
TOP OF THE 5TH |
Indian Hills Voodoo batting - Pitching for Quincy Doughboys : RHP Leonardo De La Garza
|
Batting: RHB Bobby Hulsey
|
0-0: Ball 1-0: Called Strike 1-1: Swinging Strike 1-2: Ball 2-2: Strikes out looking
|
Batting: RHB Mike Cleveland
|
0-0: Called Strike 0-1: Ball 1-1: Swinging Strike 1-2: Ball 2-2: Ball 3-2: Base on Balls
|
Batting: RHB Lawrence Davidson
|
0-0: Called Strike 0-1: Ball 1-1: Swinging Strike 1-2: DOUBLE (Flyball, 89XD) Mike Cleveland to third Runner from 3rd tries for Home, SAFE, throw made home
|
Batting: SHB Alberto García
|
0-0: Ball 1-0: Swinging Strike 1-1: Ball 2-1: Swinging Strike 2-2: Foul Ball, location: 2F 2-2: Foul Ball, location: 2F 2-2: Strikes out looking
|
Batting: RHB Bob McDonald
|
0-0: Ball 1-0: Swinging Strike 1-1: Fly out, F6 (Popup, 56)
|
Top of the 5th over - 1 run(s), 1 hit(s), 0 error(s), 1 left on base; Indian Hills 1 - Quincy 5 |
BOTTOM OF THE 5TH |
Quincy Doughboys batting - Pitching for Indian Hills Voodoo : RHP Enrique Boyd
|
Batting: RHB Jorge Chávez
|
0-0: Ball 1-0: Ball 2-0: Called Strike 2-1: Fly out, F9 (Flyball, 9M)
|
Batting: RHB Clifton Sturt
|
0-0: Ball 1-0: Called Strike 1-1: Foul Ball, location: 2F 1-2: Ground out 5-3 (Groundball, 56)
|
Batting: RHB Júlio Contreras
|
0-0: Ball 1-0: Ball 2-0: Ball 3-0: Called Strike 3-1: Foul Ball, location: 2F 3-2: Base on Balls
|
Pitching: RHP Orlando Aldape
|
|
Batting: RHB Orlando Márquez
|
0-0: Foul Ball, location: 2F 0-1: Fly out, F4 (Line Drive, 4M)
|
Bottom of the 5th over - 0 run(s), 0 hit(s), 0 error(s), 1 left on base; Indian Hills 1 - Quincy 5 |
TOP OF THE 6TH |
Indian Hills Voodoo batting - Pitching for Quincy Doughboys : RHP Leonardo De La Garza
|
Pitching: RHP Barry Mitchell
|
|
Batting: RHB Arturo Camacho
|
0-0: Called Strike 0-1: Ball 1-1: Called Strike 1-2: Fly out, F9 (Popup, 34D)
|
Batting: SHB Sean Moody
|
0-0: Foul Ball, location: 2F 0-1: Fly out, F8 (Line Drive, 78M)
|
Batting: RHB Glen MacDonald
|
0-0: Ball 1-0: Ball 2-0: Ball 3-0: Called Strike 3-1: Foul Ball, location: 2F 3-2: Base on Balls
|
Batting: SHB Kenneth Cruz
|
0-0: Foul Ball, location: 2F 0-1: Foul Ball, location: 2F 0-2: Foul Ball, location: 2F 0-2: Strikes out swinging
|
Top of the 6th over - 0 run(s), 0 hit(s), 0 error(s), 1 left on base; Indian Hills 1 - Quincy 5 |
BOTTOM OF THE 6TH |
Quincy Doughboys batting - Pitching for Indian Hills Voodoo : RHP Orlando Aldape
|
Batting: RHB Joel García
|
0-0: Ball 1-0: Fly out, F8 (Flyball, 8RM)
|
Batting: LHB Marv Gardner
|
0-0: Ball 1-0: Ball 2-0: Called Strike 2-1: Ball 3-1: Base on Balls
|
Batting: RHB Marlon Hernández
|
0-0: Called Strike 0-1: Ball 1-1: Ball 2-1: Ball 3-1: Foul Ball, location: 2F 3-2: Strikes out swinging
|
Batting: RHB Javier Martínez
|
0-0: Ball 1-0: Foul Ball, location: 2F 1-1: Ball 2-1: Fly out, F4 (Popup, 4MD)
|
Bottom of the 6th over - 0 run(s), 0 hit(s), 0 error(s), 1 left on base; Indian Hills 1 - Quincy 5 |
TOP OF THE 7TH |
Indian Hills Voodoo batting - Pitching for Quincy Doughboys : RHP Barry Mitchell
|
Batting: RHB Bobby Hulsey
|
0-0: Called Strike 0-1: Foul Ball, location: 2F 0-2: Foul Ball, location: 2F 0-2: Strikes out swinging
|
Batting: RHB Mike Cleveland
|
0-0: DOUBLE (Flyball, 9LS)
|
Batting: RHB Lawrence Davidson
|
0-0: Ball 1-0: Foul Ball, location: 2F 1-1: Ground out 1-3 (Groundball, 3S) Mike Cleveland to third
|
Batting: SHB Alberto García
|
0-0: Ball 1-0: Ball 2-0: Foul Ball, location: 2F 2-1: Called Strike 2-2: Foul Ball, location: 2F 2-2: Foul Ball, location: 2F 2-2: SINGLE (Line Drive, 34) Mike Cleveland scores
|
Batting: RHB Bob McDonald
|
0-0: Ball 1-0: Ball 2-0: Called Strike 2-1: Called Strike 2-2: Strikes out swinging
|
Top of the 7th over - 1 run(s), 2 hit(s), 0 error(s), 1 left on base; Indian Hills 2 - Quincy 5 |
BOTTOM OF THE 7TH |
Quincy Doughboys batting - Pitching for Indian Hills Voodoo : RHP Orlando Aldape
|
Batting: LHB Mario Álvarez
|
0-0: Ball 1-0: Fly out, F3 (Popup, 3F)
|
Batting: RHB Jorge Chávez
|
0-0: Called Strike 0-1: Ball 1-1: Ball 2-1: Ball 3-1: Base on Balls
|
Batting: RHB Clifton Sturt
|
0-0: Ball Jorge Chávez is caught stealing 2nd base 1-0: Ball 2-0: Fly out, F4 (Line Drive, 4)
|
Bottom of the 7th over - 0 run(s), 0 hit(s), 0 error(s), 0 left on base; Indian Hills 2 - Quincy 5 |
TOP OF THE 8TH |
Indian Hills Voodoo batting - Pitching for Quincy Doughboys : RHP Barry Mitchell
|
Pitching: LHP Héctor López
|
|
Now at C: Wilson Ortíz
|
|
Batting: RHB Arturo Camacho
|
0-0: Called Strike 0-1: Swinging Strike 0-2: Hit by Pitch
|
Pitching: RHP Miguel Chávez
|
|
Batting: SHB Sean Moody
|
0-0: Ball 1-0: Foul Ball, location: 2F 1-1: Fly out, F9 (Flyball, 89M)
|
Batting: RHB Glen MacDonald
|
0-0: Ball 1-0: Ball 2-0: Ball 3-0: Called Strike 3-1: Base on Balls Arturo Camacho to second
|
Batting: SHB Kenneth Cruz
|
0-0: Foul Ball, location: 2F 0-1: Foul Ball, location: 2F 0-2: Ball 1-2: SINGLE (Line Drive, 6MD) Arturo Camacho to third Glen MacDonald to second Runner from 3rd tries for Home, SAFE, no throw or cutoff
|
Pinch Hitting: RHB Félix Guillén
|
0-0: Ball 1-0: SINGLE (Line Drive, 4D) Glen MacDonald to third Kenneth Cruz to second Runner from 3rd tries for Home, SAFE, throw made home Kenneth Cruz to third Félix Guillén to second
|
Batting: RHB Mike Cleveland
|
0-0: Called Strike 0-1: Called Strike 0-2: Strikes out looking
|
Batting: RHB Lawrence Davidson
|
0-0: Called Strike 0-1: Ball 1-1: Ball 2-1: Called Strike 2-2: Strikes out swinging
|
Top of the 8th over - 2 run(s), 2 hit(s), 0 error(s), 2 left on base; Indian Hills 4 - Quincy 5 |
BOTTOM OF THE 8TH |
Quincy Doughboys batting - Pitching for Indian Hills Voodoo : RHP Orlando Aldape
|
Pitching: LHP Anthony Tamburrino
|
|
Now at 1B: Félix Guillén
|
|
Batting: RHB Júlio Contreras
|
0-0: Fly out, F4 (Popup, 34D)
|
Batting: RHB Orlando Márquez
|
0-0: Foul Ball, location: 2F 0-1: Ground out 6-3 (Groundball, 6M)
|
Batting: RHB Joel García
|
0-0: SOLO HOME RUN (Flyball, 78XD), Distance : 433 ft
|
Batting: LHB Marv Gardner
|
0-0: Called Strike 0-1: Foul Ball, location: 2F Reached via error on a dropped throw, E3
|
Batting: RHB Marlon Hernández
|
0-0: Reached on error, E6 (Groundball, 6) Marv Gardner to third
|
Batting: RHB Javier Martínez
|
0-0: Ball 1-0: Swinging Strike 1-1: Fly out, F4 (Line Drive, 4)
|
Bottom of the 8th over - 1 run(s), 1 hit(s), 2 error(s), 2 left on base; Indian Hills 4 - Quincy 6 |
TOP OF THE 9TH |
Indian Hills Voodoo batting - Pitching for Quincy Doughboys : RHP Miguel Chávez
|
Pitching: RHP Manuel Silva
|
|
Batting: SHB Alberto García
|
0-0: Called Strike 0-1: Called Strike 0-2: Fly out, F8 (Line Drive, 8LM)
|
Batting: RHB Bob McDonald
|
0-0: Ground out 5-3 (Groundball, 5)
|
Batting: RHB Arturo Camacho
|
0-0: Ball 1-0: Foul Ball, location: 2F 1-1: Fly out, F3 (Popup, 3F)
|
Top of the 9th over - 0 run(s), 0 hit(s), 0 error(s), 0 left on base; Indian Hills 4 - Quincy 6 |
|